 Dungeon Crawl Stone Soup version 0.30-a0-371-gad7725a93e (webtiles) character file.

Game seed: 1140565815338947109

14 jfcaron the Shield-Bearer (level 2, 0/26 HPs)
             Began as a Meteoran Fighter on Nov 21, 2022.
             Slain by Crazy Yiuf
             ... wielding a +3 quarterstaff of chaos
              (11 damage)
             ... on level 2 of the Dungeon.
             The game lasted 00:01:42 (621 turns).

jfcaron the Shield-Bearer (Meteoran Fighter)         Turns: 621, Time: 00:01:42

Health: 0/26       AC:  7    Str: 17    XL:     2   Next: 82%
Magic:  3/3        EV:  9    Int:  9    God:
Gold:   33         SH:  5    Dex: 13    Spells: 1/1 levels left

rFire   . . .      SeeInvis .    a - +0 war axe
rCold   . . .      Faith    .    c - +0 buckler
rNeg    . . .      Spirit   .    b - +0 scale mail
rPois   .          Reflect  .    (no helmet)
rElec   .          Harm     .    (no cloak)
rCorr   .          Rampage  .    (no gloves)
Will    .....                    (no boots)
Stlth   ..........               (no amulet)
HPRegen 0.24/turn                (no ring)
MPRegen 0.08/turn                (no ring)

@: lethally poisoned (0 -> -3), glowing
A: sense surroundings 1, otherworldly, glowing, explore regen
a: no special abilities


You were on level 2 of the Dungeon.
You visited 1 branch of the dungeon, and saw 2 of its levels.

You collected 33 gold pieces.

Inventory:

Hand Weapons
 a - a +0 war axe (weapon)
Armour
 b - a +0 scale mail (worn)
 c - a +0 buckler (worn)
Scrolls
 f - a scroll of noise {unknown}
 h - a scroll of magic mapping {unknown}
 i - 5 scrolls of identify {unknown}
Potions
 d - 3 potions of might
 e - a potion of brilliance {unknown}
 g - a potion of attraction {unknown}


   Skills:
 + Level 3.5 Fighting
 + Level 2.8 Axes
 + Level 3.9 Armour
 + Level 3.9 Shields


You had one spell level left.
You didn't know any spells.
Your spell library contained the following spells:

 Spells                   Type           Power      Damage    Failure   Level
 Portal Projectile        Hex/Tloc       0%         N/A       99%         3
 Tukima's Dance           Hex            0%         N/A       99%         3
 Blade Hands              Tmut           0%         N/A       100%        5


Dungeon Overview and Level Annotations

Branches:
Dungeon (2/15) Zot: 563

Altars:

Shops:
D:1 *

Annotations:
D:2 Crazy Yiuf


Innate Abilities, Weirdness & Mutations

You passively map a small area around you.
You are easily found by Zot.
You glow in the dark.
You regain HP and MP as you explore.


Message History

The ball python constricts you.
You slash the ball python!
You kill the ball python!
No target in view!
No target in view!
(D) Dungeon
Where to? (Enter - D:1 @ (x,y), ? - help)
You see here a ball python corpse.
There is a stone staircase leading down here.
You climb downwards.
There is a stone staircase leading up here.
Found 8 stones.
A bat comes into view.
The bat hits you but does no damage.
You see here 8 stones.
You miss the bat. The bat hits you but does no damage. x4
You hit the bat.
You kill the bat!
No target in view!
No target in view!
Found a spear.
Found a hammer.
Found a runed translucent door.
Crazy Yiuf says, "Ten!
Announcement tortoise sanguine."
You open the door.
Crazy Yiuf yells, "Peeping!
Ice Orb Guardian senile."
You hit Crazy Yiuf but do no damage. Crazy Yiuf closely misses you.
You hit Crazy Yiuf.
Crazy Yiuf is moderately wounded.
Crazy Yiuf hits you with a +3 quarterstaff of chaos!
You are poisoned.
You block Crazy Yiuf's attack.
You hit Crazy Yiuf.
Crazy Yiuf is moderately wounded.
You feel very sick. Crazy Yiuf barely misses you.
You closely miss Crazy Yiuf.
Crazy Yiuf is moderately wounded.
You feel sick.
Crazy Yiuf hits you with a +3 quarterstaff of chaos!
You die...

* * , ,* * , , , ♣♣♣♣♣## *
###**♣♣♣.♣...### ,
#...#♣..♣..P...## #.
#...g@♣♣♣♣......# *#.#
#)..#♣♣ ♣♣P.#..# ,, ..#
### ♣♣##..# * , #.# #.## *
#.# #.# ,*
#.############## #.#
#.#####............#.# #.#
#........#######.###.###.#
..####..(...............#


You could see Crazy Yiuf.

Vanquished Creatures
  4 bats
  An endoplasm (D:1)
  A goblin (D:1)
  3 hobgoblins (D:1)
  2 ball pythons (D:1)
  A frilled lizard (D:1)
12 creatures vanquished.

Notes
Turn   | Place    | Note
-------+----------+-------------------------------------------
     0 | D:1      | jfcaron the Meteoran Fighter began the quest for the Orb.
     0 | D:1      | Reached XP level 1. HP: 19/19 MP: 2/2
    97 | D:1      | Found Usunni's General Store.
   125 | D:1      | Reached XP level 2. HP: 26/26 MP: 3/3
   489 | D:1      | Glimpsed the power of Zot.
   613 | D:2      | Found a runed translucent door.
   614 | D:2      | Noticed Crazy Yiuf
   621 | D:2      | Slain by Crazy Yiuf

Illustrated notes

Levels and vault maps discovered:
D:1:      minmay_arrival_arboretum_large, layout_basic, serial_shops, shop,
          chequers_avenue, st_stairs_13
D:2:      layout_basic, minmay_pentomino_p4, uniq_crazy_yiuf_cottage

Action                   || total
-------------------------++-------
Melee: War axe           ||    33
Armor: Scale mail        ||    21
Dodge: Dodged            ||    15
Block: Buckler           ||     8

Table legend: (Time is in decaauts)
 A = Elapsed time spent in this place.
 B = Non-inter-level travel time spent in this place.
 C = Inter-level travel time spent in this place.
 D = Time resting spent in this place.
 E = Time spent auto-exploring this place.
 F = Levels seen in this place.
 G = Mean time per level.
                   A        B        C        D        E       F      G
               +--------+--------+--------+--------+--------+-----+--------+
         Total |    635 |    582 |     53 |      0 |    435 |   2 |  317.5 |
       Dungeon |    635 |    582 |     53 |      0 |    435 |   2 |  317.5 |
               +--------+--------+--------+--------+--------+-----+--------+

Top non-repeatable levels by time:
     D:1: 565 daAuts
     D:2: 69 daAuts
